AoeStats
← zofrano

Arabia

507705032Analyzed
1v1 RM · 11d ago on Sep 19, 2026· 27m 46s· 2 players
Game mode
Random Map
Map size
Tiny (2 player)
Population
200
Speed
Normal
Resources
Standard
Victory
Conquest
Starting age
Dark Age
Ending age
Imperial Age
RankedLock teamsTeams togetherTeam positionsShared explorationLock speedFull tech treeHidden civsTurbo modeCheats
Victory
Defeat
🇹🇷 Georgians · Türkiye
885
+18
🇫🇷 Koreans · France
925
-18
chrisping76
10:55 Feudal Age
11:32 Double-Bit Axe
11:51 Loom
14:03 Gold Mining
19:04 Castle Age
17:33 Stone Mining
20:59 Bow Saw
20:52 Crossbowman
22:13 Elite Skirmisher
zofrano
6:41 Loom
9:48 Feudal Age
11:01 Double-Bit Axe
11:01 Horse Collar
17:14 Wheelbarrow
21:01 Castle Age
19:56 Bloodlines
19:58 Forging
19:54 Scale Barding Armor
20:11 Padded Archer Armor
20:01 Fletching
20:49 Fletching
21:45 Husbandry
21:06 Light Cavalry
25:31 Bow Saw
Connection lost

Rejoining the realm…

Still unreachable

The connection could not be restored.

Session expired

The server has moved on; the page needs a fresh start.